 Dungeon Crawl Stone Soup version 0.29-a0-717-g6dac4ea423 (webtiles) character file.

Game seed: 4889588726380179436

2923 Patoropollo the Basher (level 9, -12/74 HPs)
             Began as a Minotaur Fighter on June 27, 2022.
             Was a Priest of Okawaru.
             Mangled by Grum
             ... wielding a -1 spear
              (15 damage)
             ... on level 8 of the Dungeon.
             The game lasted 00:09:42 (7472 turns).

Patoropollo the Basher (Minotaur Fighter)           Turns: 7472, Time: 00:09:43

Health: -12/74     AC:  8    Str: 20    XL:     9   Next: 50%
Magic:  9/10       EV:  9    Int:  5    God:    Okawaru [***...]
Gold:   441        SH:  5    Dex: 15    Spells: 8/8 levels left

rFire   . . .      SeeInvis .   t - +0 whip (flame)
rCold   . . .      Faith    .   c - +0 buckler
rNeg    + . .      Spirit   .   b - +0 scale mail
rPois   .          Reflect  .   (helmet restricted)
rElec   .          Harm     .   x - +0 cloak
rCorr   .          Rampage  .   (no gloves)
Will    .....                   (no boots)
Stlth   ..........              (no amulet)
HPRegen 0.22/turn               z - ring of positive energy
MPRegen 0.12/turn               (no ring)

@: no status effects
A: horns 2, retaliatory headbutt
a: Renounce Religion, Heroism


You were on level 8 of the Dungeon.
You worshipped Okawaru.
Okawaru was most pleased with you.
You visited 2 branches of the dungeon, and saw 9 of its levels.
You also visited: Sewer.

You collected 441 gold pieces.

Inventory:

Hand Weapons
 t - a +0 whip of flaming (weapon)
Armour
 b - a +0 scale mail (worn)
 c - a +0 buckler (worn)
 x - a +0 cloak (worn)
Jewellery
 o - a ring of wizardry
 u - a ring of flight
 z - a ring of positive energy (left hand)
Wands
 v - a wand of polymorph (8)
Scrolls
 d - a scroll of magic mapping {unknown}
 e - 4 scrolls of amnesia {unknown}
 f - 2 scrolls of immolation {unknown}
 g - 8 scrolls of identify {unknown}
 n - 6 scrolls of teleportation {unknown}
 q - a scroll of vulnerability {unknown}
 s - 3 scrolls of silence {unknown}
 y - 2 scrolls of noise {unknown}
 B - 2 scrolls of fear {unknown}
 C - 2 scrolls of enchant armour {unknown}
 D - 2 scrolls of blinking {unknown}
 F - a scroll of fog {unknown}
 G - a scroll of summoning {unknown}
 I - 4 scrolls of enchant weapon {unknown}
Potions
 a - a potion of invisibility {unknown}
 h - 2 potions of haste {unknown}
 i - 3 potions of flight {unknown}
 j - a potion of brilliance {unknown}
 k - 2 potions of resistance {unknown}
 l - 2 potions of degeneration {unknown}
 m - 3 potions of heal wounds {unknown}
 p - 3 potions of curing {unknown}
 r - 4 potions of attraction {unknown}
 w - 2 potions of magic {unknown}
 A - a potion of mutation {unknown}
 E - a potion of experience {unknown}
 H - 2 potions of might
 J - a potion of ambrosia {unknown}


   Skills:
 + Level 5.1 Fighting
 - Level 14.0 Maces & Flails
 + Level 5.1 Armour
 + Level 5.1 Shields
 + Level 2.7 Invocations


You had 8 spell levels left.
You didn't know any spells.
Your spell library contained the following spells:

 Spells                   Type           Power      Damage    Failure   Level
 Sting                    Tmut/Pois      0%         1d3       88%         1
 Poisonous Vapours        Pois/Air       0%         N/A       95%         2
 Corpse Rot               Necr/Pois/Air  0%         N/A       100%        4
 Olgreb's Toxic Radiance  Pois           0%         N/A       100%        4


Dungeon Overview and Level Annotations

Branches:
Dungeon (8/15)             Temple (1/1) D:5           Sewer (visited)
   Lair: D:8-11

Altars:
Ashenzari
Cheibriados
Dithmenos
Elyvilon
Fedhas
Gozag
Hepliaklqana
Makhleb
Nemelex Xobeh
Okawaru
Qazlal
Sif Muna
Trog
Uskayaw
Wu Jian
Xom
The Shining One

Shops:
D:6 *(*=(

Annotations:
D:8 Grum


Innate Abilities, Weirdness & Mutations

You have a pair of horns on your head.
You reflexively headbutt those who attack you in melee.


Message History

The wolf barely misses you. You furiously retaliate!
You headbutt the wolf! The wolf bites you! Grum barely misses you.
The wolf bites you but does no damage. You block the wolf's attack.
The wolf barely misses you. Grum hits you but does no damage.
The wolf bites you.
* * * LOW HITPOINT WARNING * * *
You see here a wolf corpse.
You hit Grum. You burn Grum. You headbutt Grum.
Grum is moderately wounded.
The wolf closely misses you. You furiously retaliate!
You headbutt the wolf! The wolf bites you but does no damage.
You hit Grum but do no damage.
Grum is moderately wounded.
Grum completely misses you. The wolf bites you!
* * * LOW HITPOINT WARNING * * *
The wolf bites you!
* * * LOW HITPOINT WARNING * * *
You closely miss Grum.
Grum is moderately wounded.
The wolf bites you but does no damage. The wolf barely misses you.
You furiously retaliate!
You headbutt the wolf.
Grum points his finger and growls, "Attack!"
Grum hits you but does no damage.
You hit Grum. You burn Grum. You headbutt Grum, but do no damage.
Grum is moderately wounded.
The wolf closely misses you. The wolf barely misses you.
You furiously retaliate!
You headbutt the wolf, but do no damage.
You barely miss Grum.
Grum is moderately wounded.
You block the wolf's attack. The wolf barely misses you.
You block Grum's attack.
Unknown command.
You hit Grum but do no damage.
Grum is moderately wounded.
The wolf completely misses you. The wolf bites you but does no damage.
You barely miss Grum. You headbutt Grum!
Grum is heavily wounded.
You block the wolf's attack. Grum hits you with a -1 spear!
You die...

...# ...#
####...##.
+.........
#.........
#.<.......
#....####.
#....#
#h@h.#
#.g..#
#....#
+....+
#....#
#.##.# #.
.# .. ..


You could see Grum and 2 wolves.

Vanquished Creatures
  Pikel (D:4)
  A cyclops (D:7)
  Sigmund (D:4)
  2 water moccasins (D:7)
  The ghost of zhov the Shooter, an amateur TeHu of Hepliaklqana (D:3)
  2 ice beasts
  A sky beast (D:7)
  2 black bears (D:6)
  An ogre (D:6)
  A wolf (D:8)
  A phantom (D:7)
  A lemure (D:4)
  A scorpion (D:6)
  Blork the orc (D:5)
  4 bullfrogs
  A bullfrog zombie (D:3)
  3 hounds
  3 jellies
  A bullfrog skeleton (D:3)
  An orc wizard (D:6)
  Jessica (D:3)
  2 iguanas (D:7)
  A howler monkey zombie (D:3)
  4 gnolls (D:3)
  5 adders
  A river rat (Sewer)
  A shadow imp (D:6)
  2 white imps (D:6)
  4 worms
  19 orcs
  4 endoplasms
  A giant cockroach (D:4)
  5 goblins
  5 hobgoblins
  6 kobolds
  2 quokkas
  12 ball pythons
  2 bats
  5 frilled lizards
  26 rats
138 creatures vanquished.

Notes
Turn   | Place    | Note
-------+----------+-------------------------------------------
     0 | D:1      | Patoropollo the Minotaur Fighter began the quest for the
                  | Orb.
     0 | D:1      | Reached XP level 1. HP: 19/19 MP: 0/0
    85 | D:1      | Reached skill level 3 in Maces & Flails
   196 | D:1      | Reached XP level 2. HP: 26/26 MP: 1/1
   877 | D:2      | Reached skill level 4 in Maces & Flails
   911 | D:2      | Found a faded altar of an unknown god.
  1486 | D:3      | Reached XP level 3. HP: 31/31 MP: 2/2
  1488 | D:3      | Found a transporter.
  1491 | D:3      | Noticed zhov's ghost (amateur TeHu)
  1495 | D:3      | Found a transporter.
  1794 | D:3      | Reached skill level 5 in Maces & Flails
  1799 | D:3      | Reached XP level 4. HP: 25/39 MP: 3/3
  1931 | D:3      | Noticed Jessica
  1940 | D:3      | Killed Jessica
  1941 | D:3      | Reached skill level 6 in Maces & Flails
  2073 | D:3      | Found an iron altar of Okawaru.
  2217 | D:3      | Became a worshipper of Warmaster Okawaru
  2296 | D:3      | Killed zhov's ghost
  2297 | D:3      | Reached skill level 7 in Maces & Flails
  2297 | D:3      | Reached XP level 5. HP: 23/45 MP: 4/4
  2300 | D:3      | Reached XP level 6. HP: 27/51 MP: 5/5
  2305 | D:3      | Reached skill level 8 in Maces & Flails
  2498 | D:4      | Noticed Sigmund
  2504 | D:4      | Found an opulent altar of Gozag.
  2507 | D:4      | Killed Sigmund
  2507 | D:4      | Reached * piety under Okawaru
  2508 | D:4      | Reached skill level 9 in Maces & Flails
  2672 | D:4      | Noticed Pikel
  2689 | D:4      | Killed Pikel
  2690 | D:4      | Reached skill level 11 in Maces & Flails
  2690 | D:4      | Reached XP level 7. HP: 13/57 MP: 6/6
  2964 | D:4      | Found a shadowy altar of Dithmenos.
  3396 | D:5      | Entered Level 5 of the Dungeon
  3542 | D:5      | Reached XP level 8. HP: 64/64 MP: 7/7
  3604 | D:5      | Found a glowing drain.
  3628 | Sewer    | Entered a sewer
  3903 | Sewer    | Reached ** piety under Okawaru
  4099 | D:5      | Found a staircase to the Ecumenical Temple.
  4110 | Temple   | Entered the Ecumenical Temple
  4450 | D:5      | Noticed Blork the orc
  4465 | D:5      | Killed Blork the orc
  4466 | D:5      | Reached skill level 12 in Maces & Flails
  4830 | D:6      | Found Barifypn's Weapon Boutique.
  4940 | D:6      | Found Cathrock's Assorted Antiques.
  5129 | D:6      | Found Wem Wyt's Weapon Emporium.
  5216 | D:6      | Found Tinimp's Jewellery Shoppe.
  5379 | D:6      | Reached skill level 13 in Maces & Flails
  5688 | D:6      | Found a blossoming altar of Fedhas.
  5766 | D:6      | Found Neurr's General Store.
  6375 | D:7      | Reached skill level 14 in Maces & Flails
  6375 | D:7      | Reached XP level 9. HP: 65/70 MP: 8/8
  6505 | D:7      | Reached skill level 1 in Invocations
  6544 | D:7      | Noticed a cyclops
  6553 | D:7      | Killed a cyclops
  7092 | D:7      | Found an ornate altar of the Wu Jian Council.
  7121 | D:7      | Reached skill level 5 in Fighting
  7121 | D:7      | Reached skill level 5 in Armour
  7121 | D:7      | Reached skill level 5 in Shields
  7362 | D:7      | Found a white marble altar of Elyvilon.
  7454 | D:8      | Noticed Grum
  7464 | D:8      | Reached *** piety under Okawaru
  7467 | D:8      | HP: 2/74 [wolf[Grum] (7)]
  7472 | D:8      | Mangled by Grum

Illustrated notes

Levels and vault maps discovered:
D:1:      dpeg_arrival_arbitrary_a, layout_rooms
D:2:      layout_loops_ring, shapermc_ecumenical_altar_flowoftime
D:3:      layout_basic, marbit_many_paths, gammafunk_ghost_mausoleum,
          chequers_mini_garden, uniq_jessica
D:4:      cheibrodos_old_hovel, layout_basic, mainiacjoe_overflow_chevrons,
          nicolae_dithmenos_the_darkroom, uniq_pikel, uniq_sigmund
D:5:      layout_cave_pools, temple_doors_ab, cheibrodos_sewer_entry_bend,
          uniq_blork_the_orc
D:6:      layout_basic, fedhas_ov_isle_minmay, serial_shops,
          nicolae_diamond_shop, nicolae_lakefront_shop, nicolae_shop_waterfront,
          kennysheep_mini, shop, chequers_serial_rivers_large_a
D:7:      layout_basic, lemuel_doored_altar, mainiacjoe_overflow_brackets
D:8:      layout_gridville, mainiacjoe_overflow_six_doors_small,
          nicolae_yredelemnul_corpse_copse, mainiacjoe_overflow_paths,
          ebering_ghost_funeral_grove, serial_undead, serial_undead_a,
          serial_undead_a, serial_undead_c, serial_undead_c,
          minmay_fountain_box, uniq_grum, uniq_gastronok, uniq_maurice
Temple:   jpeg_temple_clearing

Skill      XL: |  1  2  3  4  5  6  7  8  9 |
---------------+----------------------------+-----
Maces & Flails | 3 4 5 7 11 14 | 14.0
Fighting       | 5 |  5.1
Invocations    | 2 |  2.7
Armour         | 5 |  5.1
Shields        | 5 |  5.1

Action                   |  1- 3 |  4- 6 |  7- 9 || total
-------------------------+-------+-------+-------++-------
Melee: Flail             |    87 |    54 |     4 ||   145
       Headbutt          |     8 |    11 |    67 ||    86
       Whip              |       |       |   333 ||   333
  Use: Potion            |       |     1 |       ||     1
Armor: Scale mail        |    23 |    14 |    98 ||   135
Dodge: Dodged            |    35 |    16 |   102 ||   153
Block: Buckler           |    17 |     6 |    43 ||    66

Table legend: (Time is in decaauts)
 A = Elapsed time spent in this place.
 B = Non-inter-level travel time spent in this place.
 C = Inter-level travel time spent in this place.
 D = Time resting spent in this place.
 E = Time spent auto-exploring this place.
 F = Levels seen in this place.
 G = Mean time per level.
                   A        B        C        D        E       F      G
               +--------+--------+--------+--------+--------+-----+--------+
         Total |   7397 |   7082 |    315 |      0 |   6152 |  10 |  739.7 |
       Dungeon |   6839 |   6541 |    298 |      0 |   5734 |   8 |  854.9 |
        Temple |    141 |    124 |     17 |      0 |    110 |   1 |  141.0 |
         Sewer |    416 |    416 |      0 |      0 |    308 |   1 |  416.0 |
               +--------+--------+--------+--------+--------+-----+--------+

Top non-repeatable levels by time:
     D:6: 1421 daAuts
     D:7: 1164 daAuts
     D:3: 1061 daAuts
     D:4: 945 daAuts
     D:5: 826 daAuts
     D:2: 727 daAuts
     D:1: 682 daAuts
   Sewer: 416 daAuts
  Temple: 141 daAuts
     D:8: 11 daAuts
